BSA
SPRINGFIELD STARS @ MADISON BOMBERS
07/27/2026
 
TOP OF THE 1ST
Springfield Stars batting - Pitching for Madison Bombers : LHP Bill Moore
Pitching: LHP Bill Moore
Batting: RHB Norberto Taváres 0-0: Ground out 6-3 (Groundball, 6M)
Batting: RHB Calvin Bennett 0-0: Ball
1-0: Ball
2-0: Swinging Strike
2-1: Ball
3-1: DOUBLE (Line Drive, 7LM)
Pinch Runner at 2nd Elliott Newell:
Batting: LHB Derek Davidson 0-0: Called Strike
0-1: DOUBLE (Flyball, 78XD)
Elliott Newell scores
Batting: LHB Felipe Guerrero 0-0: Ball
1-0: Ball
2-0: Foul Ball, location: 2F
2-1: 2-RUN HOME RUN (Flyball, 9D), Distance : 371 ft
Batting: RHB Juan Rodríguez 0-0: Foul Ball, location: 2F
0-1: Ball
1-1: Swinging Strike
1-2: Ball
2-2: Foul Ball, location: 2F
2-2: Foul Ball, location: 2F
2-2: SINGLE (Line Drive, 34)
Batting: SHB Shane Hutchinson 0-0: Called Strike
0-1: Ball
1-1: Foul Ball, location: 2F
1-2: Ball
2-2: Foul Ball, location: 2F
2-2: Foul Ball, location: 2F
2-2: Strikes out looking
Batting: RHB Juan Carlos Rodríguez 0-0: Ball
1-0: Called Strike
1-1: Foul Ball, location: 2F
1-2: Foul Ball, location: 2F
1-2: Fly out, F4 (Line Drive, 4D)
Top of the 1st over - 3 run(s), 4 hit(s), 0 error(s), 1 left on base; Springfield 3 - Madison 0
BOTTOM OF THE 1ST
Madison Bombers batting - Pitching for Springfield Stars : LHP Joaquín Gonzáles
Pitching: LHP Joaquín Gonzáles
Now in CF: Elliott Newell
Batting: SHB Dave MacThomas 0-0: Called Strike
0-1: Ball
1-1: Swinging Strike
1-2: Fly out, F9 (Flyball, 9D)
Batting: RHB Alonso Holguín 0-0: Ball
1-0: Ball
2-0: Ball
3-0: Ground out 4-3 (Groundball, 4)
Batting: LHB Seung-chun Mun 0-0: Called Strike
0-1: Ball
1-1: Foul Ball, location: 2F
1-2: Fly out, F1 (Line Drive, 13)
Bottom of the 1st over - 0 run(s), 0 hit(s), 0 error(s), 0 left on base; Springfield 3 - Madison 0
TOP OF THE 2ND
Springfield Stars batting - Pitching for Madison Bombers : LHP Bill Moore
Batting: RHB Will Sterling 0-0: Fly out, F9 (Flyball, 89M)
Batting: SHB David García 0-0: DOUBLE (Flyball, 78XD)
Batting: RHB Norberto Taváres 0-0: Called Strike
0-1: Ball
1-1: Swinging Strike
1-2: Fly out, F3 (Popup, 3SF)
Batting: LHB Elliott Newell 0-0: Ball
1-0: Called Strike
1-1: Ball
2-1: Foul Ball, location: 2F
2-2: DOUBLE (Line Drive, 89D)
David García scores
Batting: LHB Derek Davidson 0-0: SINGLE (Flyball, 7S)
Elliott Newell to third
Runner from 3rd tries for Home, SAFE, no throw or cutoff
Batting: LHB Felipe Guerrero 0-0: Ball
1-0: Fly out, F9 (Flyball, 9D)
Top of the 2nd over - 2 run(s), 3 hit(s), 0 error(s), 1 left on base; Springfield 5 - Madison 0
BOTTOM OF THE 2ND
Madison Bombers batting - Pitching for Springfield Stars : LHP Joaquín Gonzáles
Batting: RHB Vicente Aguirre 0-0: Called Strike
0-1: TRIPLE (Line Drive, 78S)
Batting: LHB Mike Callahan 0-0: Ball
1-0: Foul Ball, location: 2F
1-1: SINGLE (Line Drive, 56D)
Vicente Aguirre scores
Batting: RHB Sergio Márquez 0-0: Called Strike
0-1: Swinging Strike
0-2: SINGLE (Line Drive, 7S)
Mike Callahan to second
Batting: LHB José Santos 0-0: Called Strike
0-1: Ball
1-1: Foul Ball, location: 2F
1-2: Strikes out swinging
Batting: RHB Guo-xiu Choi 0-0: Called Strike
0-1: Ball
1-1: Ball
2-1: Fielders Choice at 2nd, 6-4 (Groundball, 6M)
Mike Callahan to third
Batting: RHB Emílio Carrillo 0-0: Ball
1-0: Foul Ball, location: 2F
1-1: Foul Ball, location: 2F
1-2: Ball
2-2: Strikes out swinging
Bottom of the 2nd over - 1 run(s), 3 hit(s), 0 error(s), 2 left on base; Springfield 5 - Madison 1
TOP OF THE 3RD
Springfield Stars batting - Pitching for Madison Bombers : LHP Bill Moore
Batting: RHB Juan Rodríguez 0-0: Called Strike
0-1: Ball
1-1: Foul Ball, location: 2F
1-2: DOUBLE (Line Drive, 5L)
Batting: SHB Shane Hutchinson 0-0: Ball
1-0: DOUBLE (Line Drive, 7LS)
Juan Rodríguez scores
Batting: RHB Juan Carlos Rodríguez 0-0: Called Strike
0-1: Fly out, F8 (Flyball, 8LS)
Batting: RHB Will Sterling 0-0: Foul Ball, location: 2F
0-1: Foul Ball, location: 2F
0-2: Ball
1-2: Ball
2-2: Foul Ball, location: 2F
2-2: Foul Ball, location: 2F
2-2: Fly out, F7 (Flyball, 7M)
Batting: SHB David García 0-0: Ball
1-0: SINGLE (Groundball, 34D)
Shane Hutchinson to third
Runner from 3rd tries for Home, SAFE, no throw or cutoff
Batting: RHB Norberto Taváres 0-0: Fly out, F5 (Popup, 7LSF)
Top of the 3rd over - 2 run(s), 3 hit(s), 0 error(s), 1 left on base; Springfield 7 - Madison 1
BOTTOM OF THE 3RD
Madison Bombers batting - Pitching for Springfield Stars : LHP Joaquín Gonzáles
Batting: SHB Dave MacThomas 0-0: Ball
1-0: Foul Ball, location: 2F
1-1: Called Strike
1-2: Strikes out swinging
Batting: RHB Alonso Holguín 0-0: Ground out 4-3 (Groundball, 4)
Batting: LHB Seung-chun Mun 0-0: Ball
1-0: Called Strike
1-1: Called Strike
1-2: Strikes out swinging
Bottom of the 3rd over - 0 run(s), 0 hit(s), 0 error(s), 0 left on base; Springfield 7 - Madison 1
TOP OF THE 4TH
Springfield Stars batting - Pitching for Madison Bombers : LHP Bill Moore
Pitching: LHP Dave Carbone
Batting: LHB Elliott Newell 0-0: Ball
1-0: Ground out 4-3 (Groundball, 4)
Batting: LHB Derek Davidson 0-0: Ball
1-0: Foul Ball, location: 2F
1-1: SINGLE (Groundball, 34D) (infield hit)
Batting: LHB Felipe Guerrero 0-0: Called Strike
0-1: Foul Ball, location: 2F
0-2: Ball
1-2: Ball
2-2: Foul Ball, location: 2F
2-2: Ball
3-2: Grounds into double play, U6-3 (Groundball, 6M)
Top of the 4th over - 0 run(s), 1 hit(s), 0 error(s), 0 left on base; Springfield 7 - Madison 1
BOTTOM OF THE 4TH
Madison Bombers batting - Pitching for Springfield Stars : LHP Joaquín Gonzáles
Batting: RHB Vicente Aguirre 0-0: Called Strike
0-1: Called Strike
0-2: Strikes out swinging, 2-3 out at first.
Batting: LHB Mike Callahan 0-0: Ball
1-0: Ball
2-0: Ball
3-0: Called Strike
3-1: Called Strike
3-2: Foul Ball, location: 2F
3-2: Strikes out swinging
Batting: RHB Sergio Márquez 0-0: Ball
1-0: Ball
2-0: Fly out, F1 (Popup, 13S)
Bottom of the 4th over - 0 run(s), 0 hit(s), 0 error(s), 0 left on base; Springfield 7 - Madison 1
TOP OF THE 5TH
Springfield Stars batting - Pitching for Madison Bombers : LHP Dave Carbone
Batting: RHB Juan Rodríguez 0-0: Called Strike
0-1: Swinging Strike
0-2: Ball
1-2: Foul Ball, location: 2F
1-2: Ball
2-2: Foul Ball, location: 2F
2-2: Ball
3-2: Fly out, F4 (Popup, 4MD)
Batting: SHB Shane Hutchinson 0-0: Foul Ball, location: 2F
0-1: Ball
1-1: Ball
2-1: Foul Ball, location: 2F
2-2: Strikes out looking
Batting: RHB Juan Carlos Rodríguez 0-0: Ball
1-0: Ball
2-0: Ball
3-0: Base on Balls
Batting: RHB Will Sterling 0-0: Called Strike
0-1: Ball
1-1: Swinging Strike
1-2: Fly out, F7 (Flyball, 7S)
Top of the 5th over - 0 run(s), 0 hit(s), 0 error(s), 1 left on base; Springfield 7 - Madison 1
BOTTOM OF THE 5TH
Madison Bombers batting - Pitching for Springfield Stars : LHP Joaquín Gonzáles
Batting: LHB José Santos 0-0: Ball
1-0: Ball
2-0: Swinging Strike
2-1: Foul Ball, location: 2F
2-2: Strikes out looking
Batting: RHB Guo-xiu Choi 0-0: Bunt for hit - play at first, batter OUT! 1-3
Batting: RHB Emílio Carrillo 0-0: Called Strike
0-1: Ground out 4-3 (Groundball, 4)
Bottom of the 5th over - 0 run(s), 0 hit(s), 0 error(s), 0 left on base; Springfield 7 - Madison 1
TOP OF THE 6TH
Springfield Stars batting - Pitching for Madison Bombers : LHP Dave Carbone
Batting: SHB David García 0-0: Ball
1-0: Called Strike
1-1: Foul Ball, location: 2F
1-2: Foul Ball, location: 2F
1-2: Ball
2-2: Foul Ball, location: 2F
2-2: Strikes out swinging
Batting: RHB Norberto Taváres 0-0: Ball
1-0: Called Strike
1-1: Ball
2-1: Swinging Strike
2-2: Ball
3-2: Base on Balls
Pitching: RHP Arthur Green
Batting: LHB Elliott Newell 0-0: Called Strike
0-1: Ball
1-1: Foul Ball, location: 2F
1-2: Ball
2-2: Grounds into double play, 4-6-3 (Groundball, 34)
Top of the 6th over - 0 run(s), 0 hit(s), 0 error(s), 0 left on base; Springfield 7 - Madison 1
BOTTOM OF THE 6TH
Madison Bombers batting - Pitching for Springfield Stars : LHP Joaquín Gonzáles
Batting: SHB Dave MacThomas 0-0: SINGLE (Line Drive, 4MD)
Batting: RHB Alonso Holguín 0-0: Ball
1-0: Ball
2-0: Swinging Strike
2-1: Called Strike
2-2: Ball
3-2: SINGLE (Groundball, 4)
Dave MacThomas to second
Dave MacThomas to third
Batting: LHB Seung-chun Mun 0-0: Called Strike
0-1: SINGLE (Line Drive, 4D)
Dave MacThomas scores
Alonso Holguín to second
Batting: RHB Vicente Aguirre 0-0: Called Strike
0-1: Ball
1-1: Ball
2-1: Grounds into double play, 4-6-3 (Groundball, 4)
Alonso Holguín to third
Batting: LHB Mike Callahan 0-0: Swinging Strike
0-1: Ball
1-1: Swinging Strike
1-2: Ball
2-2: Ball
3-2: Strikes out looking
Bottom of the 6th over - 1 run(s), 3 hit(s), 0 error(s), 1 left on base; Springfield 7 - Madison 2
TOP OF THE 7TH
Springfield Stars batting - Pitching for Madison Bombers : RHP Arthur Green
Batting: LHB Derek Davidson 0-0: Ball
1-0: Ball
2-0: Ball
3-0: Base on Balls
Batting: LHB Felipe Guerrero 0-0: Ball
1-0: Called Strike
1-1: Grounds out, U3 (Groundball, 3L)
Batting: RHB Juan Rodríguez 0-0: Ball
1-0: Ball
2-0: Ball
3-0: Called Strike
3-1: Foul Ball, location: 2F
3-2: SINGLE (Groundball, 34D)
Derek Davidson to third
Runner from 3rd tries for Home, SAFE, no throw or cutoff
Batting: SHB Shane Hutchinson 0-0: Swinging Strike
0-1: Ball
1-1: Ball
2-1: Foul Ball, location: 2F
2-2: Ball
3-2: DOUBLE (Line Drive, 89XD)
Juan Rodríguez to third
Batting: RHB Juan Carlos Rodríguez 0-0: Called Strike
0-1: Fly out, F9 (Flyball, 9LD)
Runner from 3rd tags up, SCORES, no throw
Shane Hutchinson to third
Pitching: RHP Arturo Leal
Batting: RHB Will Sterling 0-0: Foul Ball, location: 2F
0-1: Foul Ball, location: 2F
0-2: Ground out 5-3 (Groundball, 5S)
Top of the 7th over - 2 run(s), 2 hit(s), 0 error(s), 1 left on base; Springfield 9 - Madison 2
BOTTOM OF THE 7TH
Madison Bombers batting - Pitching for Springfield Stars : LHP Joaquín Gonzáles
Pitching: LHP Jeremy Meyer
Batting: RHB Sergio Márquez 0-0: Ball
1-0: Ball
2-0: Ball
3-0: Base on Balls
Batting: LHB José Santos 0-0: Ball
1-0: Foul Ball, location: 2F
1-1: Foul Ball, location: 2F
1-2: Ball
2-2: Foul Ball, location: 2F
2-2: Foul Ball, location: 2F
2-2: Fielders Choice at 2nd, 5-4 (Groundball, 56)
Batting: RHB Guo-xiu Choi 0-0: Fly out, F5 (Line Drive, 56)
Batting: RHB Emílio Carrillo 0-0: Ball
1-0: Ball
2-0: Foul Ball, location: 2F
2-1: Foul Ball, location: 2F
2-2: Ball
José Santos steals 2nd base
3-2: Base on Balls
Batting: SHB Dave MacThomas 0-0: Ball
1-0: Ground out 5-3 (Groundball, 56)
Bottom of the 7th over - 0 run(s), 0 hit(s), 0 error(s), 2 left on base; Springfield 9 - Madison 2
TOP OF THE 8TH
Springfield Stars batting - Pitching for Madison Bombers : RHP Arturo Leal
Batting: SHB David García 0-0: DOUBLE (Line Drive, 8LD)
Batting: RHB Norberto Taváres 0-0: Ball
1-0: Fly out, F9 (Flyball, 89M)
Batting: LHB Elliott Newell 0-0: Ball
1-0: Ball
2-0: Called Strike
2-1: Foul Ball, location: 2F
2-2: Foul Ball, location: 2F
2-2: Fly out, F7 (Flyball, 78M)
Batting: LHB Derek Davidson 0-0: Ball
1-0: Foul Ball, location: 2F
1-1: Foul Ball, location: 2F
1-2: Ball
2-2: 2-RUN HOME RUN (Flyball, 8RXD), Distance : 435 ft
Batting: LHB Felipe Guerrero 0-0: Ball
1-0: Ball
2-0: Ground out 6-3 (Groundball, 6)
Top of the 8th over - 2 run(s), 2 hit(s), 0 error(s), 0 left on base; Springfield 11 - Madison 2
BOTTOM OF THE 8TH
Madison Bombers batting - Pitching for Springfield Stars : LHP Jeremy Meyer
Batting: RHB Alonso Holguín 0-0: Foul Ball, location: 2F
0-1: Ball
1-1: Swinging Strike
1-2: Ball
2-2: Foul Ball, location: 2F
2-2: Ball
3-2: SINGLE (Groundball, 56D)
Pitching: RHP Ramón Vélez
Batting: LHB Seung-chun Mun 0-0: Ball
1-0: Ball
2-0: Ball
3-0: Base on Balls
Alonso Holguín to second
Batting: RHB Vicente Aguirre 0-0: Ball
1-0: Called Strike
1-1: Ball
2-1: Swinging Strike
2-2: Foul Ball, location: 2F
2-2: Foul Ball, location: 2F
2-2: Foul Ball, location: 2F
2-2: Strikes out swinging
Batting: LHB Mike Callahan 0-0: Hit by Pitch
Alonso Holguín to third
Seung-chun Mun to second
Batting: RHB Sergio Márquez 0-0: Called Strike
0-1: Called Strike
0-2: Ball
1-2: Ball
2-2: Foul Ball, location: 2F
2-2: Ball
Wild Pitch!
Alonso Holguín scores
Seung-chun Mun to third
Mike Callahan to second
3-2: Base on Balls
Pitching: LHP Jorge Aybar
Batting: LHB José Santos 0-0: Fielders Choice at 2nd, 3-6 (Groundball, 3)
Seung-chun Mun scores
Mike Callahan to third
Batting: RHB Guo-xiu Choi 0-0: Ball
1-0: Fielders Choice at 2nd, U4 (Groundball, 4M)
Bottom of the 8th over - 2 run(s), 1 hit(s), 0 error(s), 2 left on base; Springfield 11 - Madison 4
TOP OF THE 9TH
Springfield Stars batting - Pitching for Madison Bombers : RHP Arturo Leal
Pitching: RHP Alonso Gallardo
Batting: RHB Juan Rodríguez 0-0: Called Strike
0-1: Foul Ball, location: 2F
0-2: Foul Ball, location: 2F
0-2: Foul Ball, location: 2F
0-2: Ball
1-2: Foul Ball, location: 2F
1-2: Foul Ball, location: 2F
1-2: Ball
2-2: Ball
3-2: Ground out 4-3 (Groundball, 4M)
Batting: SHB Shane Hutchinson 0-0: Called Strike
0-1: Foul Ball, location: 2F
0-2: Ball
1-2: Foul Ball, location: 2F
1-2: Ball
2-2: Ground out 2-3 (Groundball, 15S)
Batting: RHB Juan Carlos Rodríguez 0-0: Ball
1-0: Swinging Strike
1-1: Ball
2-1: Called Strike
2-2: Foul Ball, location: 2F
2-2: Ball
3-2: Base on Balls
Pinch Hitting: LHB Ryan Drake 0-0: Called Strike
0-1: Fly out, F8 (Flyball, 8RXD)
Top of the 9th over - 0 run(s), 0 hit(s), 0 error(s), 1 left on base; Springfield 11 - Madison 4
BOTTOM OF THE 9TH
Madison Bombers batting - Pitching for Springfield Stars : LHP Jorge Aybar
Now at C: Bryan Sandstrom
Batting: RHB Emílio Carrillo 0-0: Foul Ball, location: 2F
0-1: Ball
1-1: SINGLE (Line Drive, 34D)
Batting: SHB Dave MacThomas 0-0: Ball
1-0: Foul Ball, location: 2F
1-1: Called Strike
1-2: Foul Ball, location: 2F
1-2: Strikes out looking
Batting: RHB Alonso Holguín 0-0: Foul Ball, location: 2F
0-1: Foul Ball, location: 2F
0-2: Ball
1-2: Strikes out swinging
Batting: LHB Seung-chun Mun 0-0: Ball
1-0: Called Strike
1-1: Foul Ball, location: 2F
1-2: Strikes out swinging
Bottom of the 9th over - 0 run(s), 1 hit(s), 0 error(s), 1 left on base; Springfield 11 - Madison 4
Monday, December 5th, 2016 - OOTP Baseball 17.12 Build 75